 Dungeon Crawl Stone Soup version 0.29-a0-384-g6960b1960d (webtiles) character file.

Game seed: 11629559711833012163

23 Bruhh the Ogre Mage (level 3, -1/31 HPs)
             Began as an Ogre Earth Elementalist on May 7, 2022.
             Slain by a gnoll
             ... wielding a +0 whip
              (4 damage)
             ... on level 1 of the Dungeon.
             The game lasted 00:00:49 (647 turns).

Bruhh the Ogre Mage (Ogre Earth Elementalist)        Turns: 647, Time: 00:00:50

Health: -1/31      AC:  3    Str: 12    XL:     3   Next: 0%
Magic:  7/8        EV:  9    Int: 18    God:
Gold:   0          SH:  0    Dex:  9    Spells: 8/9 levels left

rFire   . . .      SeeInvis .   (no weapon)
rCold   . . .      Faith    .   (no shield)
rNeg    . . .      Spirit   .   b - +0 robe
rPois   .          Reflect  .   (helmet restricted)
rElec   .          Harm     .   (no cloak)
rCorr   .          Rampage  .   (gloves unavailable)
Will    .....                   (boots unavailable)
Stlth   +.........              (no amulet)
HPRegen 0.10/turn               (no ring)
MPRegen 0.11/turn               (no ring)

@: no status effects
A: large, unfitting armour, tough skin 1
a: no special abilities


You were on level 1 of the Dungeon.
You visited 1 branch of the dungeon, and saw 1 of its levels.

Inventory:

Missiles
 a - 17 stones
Armour
 b - a +0 robe (worn)
Jewellery
 d - a ring of protection from fire
Scrolls
 e - a scroll of silence {unknown}
Potions
 f - a potion of berserk rage {unknown}


   Skills:
 - Level 1.7 Dodging
 - Level 1.4 Stealth
 + Level 3.9 Spellcasting
 - Level 0.8 Transmutations
 - Level 2.6 Earth Magic


You had 8 spell levels left.
You knew the following spells:

 Your Spells              Type           Power      Damage    Failure   Level
a - Sandblast             Erth           26%        2d8       4%          1

Your spell library contained the following spells:

 Spells                   Type           Power      Damage    Failure   Level
 Passwall                 Tmut/Erth      7%         N/A       11%         2
 Stone Arrow              Conj/Erth      16%        3d8       26%         3
 Petrify                  Tmut/Erth      9%         N/A       56%         4


Dungeon Overview and Level Annotations

Branches:
Dungeon (1/15)

Altars:


Innate Abilities, Weirdness & Mutations

You are too large for most types of armour.
You have tough skin. (AC +1)


Message History

The gnoll shouts!
The gnoll hits you with a +0 whip!
You are too injured to fight recklessly!
You are too injured to fight recklessly!
Casting: Sandblast (safe; 4% risk of failure)
Confirm with . or Enter, or press ? or * to list all spells.
Aiming: Sandblast (safe; 4% risk of failure)
Press: ? - help, Shift-Dir - straight line, f/p - gnoll
Aim: a gnoll, wielding a +0 whip and wearing a +0 scale mail (85% to hit)
The blast of sand hits the gnoll.
The gnoll is lightly wounded.
The gnoll hits you with a +0 whip.
Unknown command.
Casting: Sandblast (safe; 4% risk of failure)
Confirm with . or Enter, or press ? or * to list all spells.
Aiming: Sandblast (safe; 4% risk of failure)
Press: ? - help, Shift-Dir - straight line, f/p - gnoll
Aim: a gnoll, wielding a +0 whip and wearing a +0 scale mail (lightly wounded, 85% to hit)
The blast of sand hits the gnoll.
The gnoll is lightly wounded.
The gnoll barely misses you. Magic courses through your body.
The gnoll hits you with a +0 whip!
* * * LOW HITPOINT WARNING * * *
Casting: Sandblast (safe; 4% risk of failure)
Confirm with . or Enter, or press ? or * to list all spells.
Aiming: Sandblast (safe; 4% risk of failure)
Press: ? - help, Shift-Dir - straight line, f/p - gnoll
Aim: a gnoll, wielding a +0 whip and wearing a +0 scale mail (lightly wounded, 85% to hit)
The blast of sand hits the gnoll but does no damage.
The gnoll is lightly wounded.
The gnoll barely misses you.
Casting: Sandblast (safe; 4% risk of failure)
Confirm with . or Enter, or press ? or * to list all spells.
Aiming: Sandblast (safe; 4% risk of failure)
Press: ? - help, Shift-Dir - straight line, f/p - gnoll
Aim: a gnoll, wielding a +0 whip and wearing a +0 scale mail (lightly wounded, 85% to hit)
The blast of sand hits the gnoll but does no damage.
The gnoll is lightly wounded.
The gnoll hits you with a +0 whip.
You die...

..#.........# #.#.#######.#.
..#.# #.#. ..#.# #.#.###### ..#.#
#.#......# ..#.# #.#......####
..#.# #.#...........##.# ..#.#
#.##.....# #.##.# ## ..#.#
#.##..@g.# #.##.# #. ..#.#
#.##.....## #.##.# #. ###.#
#...).......#.##.###### ....#
#..##########.##.##....
###########..##########.##.##.###
..................)..............
....########.##########.##.##.#.#
....'......#.######## #.##.##.#.#
....######.#......... ..##.##.#.#


You could see a gnoll.

Vanquished Creatures
  A gnoll (D:1)
  4 endoplasms (D:1)
  2 goblins (D:1)
  A hobgoblin (D:1)
  A quokka (D:1)
  2 frilled lizards (D:1)
  2 rats (D:1)
13 creatures vanquished.

Notes
Turn   | Place    | Note
-------+----------+-------------------------------------------
     0 | D:1      | Bruhh the Ogre Earth Elementalist began the quest for the
                  | Orb.
     0 | D:1      | Reached XP level 1. HP: 16/16 MP: 3/3
   354 | D:1      | Reached skill level 3 in Spellcasting
   357 | D:1      | Reached XP level 2. HP: 24/24 MP: 3/6
   624 | D:1      | Reached XP level 3. HP: 20/31 MP: 1/8
   647 | D:1      | Slain by a gnoll

Illustrated notes

Levels and vault maps discovered:
D:1:      minmay_arrival_plants_in_alcoves, layout_basic

Skill      XL: |  1 |
---------------+----+-----
Spellcasting   | 3 |  3.9
Dodging        | |  1.7
Stealth        | |  1.4
Transmutations | |  0.8
Earth Magic    | |  2.6

Action                   || total
-------------------------++-------
Melee: Unarmed           ||    14
 Cast: Sandblast         ||    25
  Use: Potion            ||     1
Armor: Robe              ||     4
Dodge: Dodged            ||    11

Table legend: (Time is in decaauts)
 A = Elapsed time spent in this place.
 B = Non-inter-level travel time spent in this place.
 C = Inter-level travel time spent in this place.
 D = Time resting spent in this place.
 E = Time spent auto-exploring this place.
 F = Levels seen in this place.
 G = Mean time per level.
                   A        B        C        D        E       F      G
               +--------+--------+--------+--------+--------+-----+--------+
         Total |    647 |    647 |      0 |      0 |    569 |   1 |  647.0 |
       Dungeon |    647 |    647 |      0 |      0 |    569 |   1 |  647.0 |
               +--------+--------+--------+--------+--------+-----+--------+

Top non-repeatable levels by time:
     D:1: 647 daAuts
